Map: Heavy Artillery LE

Players

Massa

  • Race: Terran Terran
  • Spawn Location: 3:00

qqq

  • Race: Protoss Protoss
  • Spawn Location: 1:00

Spenouh

  • Race: Protoss Protoss
  • League: Diamond
  • Spawn Location: 7:00

BillyBoy

  • Race: Terran Terran
  • League: Gold
  • Spawn Location: 7:00

VOD

Have the link to the VOD?

Description

Time

  • Played on: Oct. 2, 2020, 5:56 p.m.
  • Length: 25:23
Show
View Real Time Build Order
Export as new Build Order

Massa Terran 

Build Orders: Gas First Reaper Expand 

Get SALT Encoding   

  12  0:01  SCV  
  13  0:13  SCV  
  14  0:25  SCV  
  14  0:26  Supply Depot  
  15  0:30  Refinery  
  15  0:47  SCV  
  15  0:48  Barracks  
  16  0:59  SCV  
  17  1:11  Refinery, SCV  
  18  1:24  SCV  
  19  1:35  Reaper  
  19  1:38  Orbital Command  
  20  1:53  Command Center  
  20  2:03  SCV  
  21  2:11  Factory  
  21  2:18  Barracks Tech Lab  
  21  2:19  Supply Depot  
  21  2:25  SCV  
  22  2:37  SCV  
  22  2:52  Marauder  
  22  2:53  Stimpack  
  24  2:58  Barracks  
  24  3:03  SCV  
  25  3:08  Factory Reactor  
  25  3:14  Orbital Command, Marauder  
  25  3:15  SCV  
  28  3:25  Engineering Bay  
  28  3:27  SCV  
  29  3:35  Starport, Marauder  
  29  3:39  SCV  
  32  3:42  SCV  
  32  3:45  Hellion  
  35  3:48  Marine  
  35  3:52  Hellion  
  38  3:56  Marauder  
  38  3:59  Missile Turret  
  40  4:06  Missile Turret  
  40  4:11  Missile Turret  
  40  4:14  Barracks Reactor  
  40  4:15  Hellion  
  42  4:17  SCV  
  42  4:18  Marauder  
  42  4:19  SCV  
  46  4:29  Supply Depot  
  46  4:33  Supply Depot  
  46  4:37  Supply Depot  
  46  4:46  Concussive Shells  
  46  4:51  SCV x2, Hellion, Marine x2, Medivac  
  54  4:55  Supply Depot  
  54  5:03  SCV x2  
  56  5:07  Marauder  
  56  5:08  Marine x2  
  60  5:21  Barracks  
  60  5:23  Factory Tech Lab  
  60  5:37  SCV x2  
  62  5:43  Command Center  
  62  5:45  Combat Shield  
  62  5:48  Siege Tank  
  62  5:49  SCV x2, Marine x2  
  69  6:14  Refinery  
  69  6:16  Refinery  
  69  6:17  Marine x2  
  69  6:18  Marine x2  
  71  6:20  Siege Tank  
  76  6:34  Marauder  
  78  6:44  Supply Depot  
  78  6:46  Supply Depot x2  
  78  6:48  Supply Depot  
  78  6:52  Missile Turret  
  78  6:54  Marine x4  
  78  6:55  Marauder  
  83  7:12  Marine x4  
  86  7:17  Orbital Command, Marauder  
  86  7:21  SCV x2  
  90  7:30  Marine x4  
  90  7:33  SCV, Medivac  
  97  7:38  Marauder  
  99  7:48  Marine  
  97  7:59  Marauder  
  97  8:03  Medivac  
  97  8:05  Terran Infantry Weapons Level 1  
  101  8:08  Armory  
  101  8:12  Supply Depot  
  101  8:17  Engineering Bay  
  101  8:21  Marauder  
  103  8:30  Marine  
  103  8:31  Marine x3  
  107  8:40  Barracks  
  107  8:42  Marine  
  107  8:44  Barracks  
  107  8:47  Barracks  
  107  8:48  Marine x4  
  108  8:50  Terran Infantry Armor Level 1  
  112  8:56  SCV x2  
  112  8:59  Marine  
  115  9:06  Marine x4  
  115  9:07  Orbital Command  
  115  9:08  SCV x2  
  121  9:14  Starport Reactor  
  121  9:17  Marine  
  121  9:20  SCV x2  
  121  9:24  Marine x2  
  126  9:32  SCV x2  
  128  9:44  SCV  
  129  9:51  Viking x2  
  123  9:54  Marine  
  123  9:55  Marauder, Marine x3  
  129  10:01  Barracks Reactor  
  129  10:02  Barracks Reactor, Barracks Tech Lab  
  129  10:06  SCV  
  129  10:07  SCV x2  
  132  10:10  Missile Turret  
  132  10:11  Missile Turret  
  132  10:12  Missile Turret  
  132  10:17  Terran Vehicle Weapons Level 1  
  132  10:19  SCV  
  132  10:20  Armory  
  133  10:24  Supply Depot  
  133  10:28  Supply Depot  
  133  10:31  Missile Turret  
  133  10:33  Missile Turret  
  133  10:35  Missile Turret  
  133  10:42  Supply Depot  
  133  10:45  SCV, Marine, Viking x2, Supply Depot  
  133  10:46  Marauder  
  133  10:49  Marine, Supply Depot  
  144  10:50  SCV x2, Marauder  
  144  10:55  Missile Turret  
  146  10:57  Siege Tank  
  149  11:07  Marauder  
  153  11:11  Marauder  
  153  11:15  Viking  
  155  11:28  Marauder  
  159  11:33  Marauder  
  159  11:45  Thor  
  167  11:54  Marauder  
  167  11:57  Marine  
  167  11:58  Marine x5  
  173  12:05  Supply Depot  
  173  12:06  Supply Depot x2  
  173  12:14  Command Center  
  173  12:22  Terran Infantry Armor Level 2  
  173  12:26  Terran Vehicle And Ship Armor Level 1, Marine x3, Viking x2, SCV  
  173  12:27  SCV x2, Marauder, Marine x5  
  173  12:28  Thor, Supply Depot  
  196  12:31  Supply Depot  
  196  12:33  Supply Depot  
  196  12:38  SCV  
  197  12:50  SCV, Marauder  
  200  12:52  SCV  
  200  12:53  Supply Depot  
  200  13:15  Marauder  
  152  13:36  Marauder  
  152  13:40  Marauder, Marine  
  152  13:41  Marine x7  
  128  13:42  Thor  
  122  13:57  Marauder  
  122  13:58  Marine  
  122  13:59  Marine x7  
  122  14:02  Marauder  
  104  14:16  Marine  
  104  14:17  Marine x7  
  91  14:19  Marauder  
  91  14:23  Marauder  
  102  14:25  Terran Infantry Weapons Level 2, Thor, Factory  
  102  14:27  Factory  
  102  14:28  Factory  
  102  14:31  Planetary Fortress  
  108  14:34  Marine x5  
  113  14:40  Marauder  
  113  14:41  Missile Turret  
  113  14:43  SCV x3  
  113  14:44  Marauder  
  113  14:45  Command Center  
  120  14:54  Refinery  
  120  14:55  SCV  
  120  14:56  Refinery  
  121  15:01  Missile Turret, Viking x2  
  121  15:02  Marauder  
  121  15:06  Marauder  
  129  15:07  Refinery  
  129  15:08  Thor  
  129  15:09  Refinery  
  135  15:21  Missile Turret  
  135  15:23  Marauder  
  137  15:31  Viking  
  137  15:35  Factory Tech Lab x3  
  139  15:43  Missile Turret  
  139  15:44  Terran Vehicle And Ship Armor Level 2  
  139  15:49  Marine x3  
  139  15:50  Marine x4, Thor  
  139  15:51  Marauder x2, Marine  
  157  16:01  Sensor Tower  
  157  16:03  Missile Turret  
  157  16:04  Refinery  
  157  16:06  Refinery  
  157  16:07  Marine  
  158  16:12  Marauder  
  158  16:16  Planetary Fortress  
  158  16:18  Thor  
  160  16:22  Missile Turret  
  160  16:24  Thor  
  172  16:26  Marine x2  
  172  16:27  Marauder, Marine  
  177  16:34  Marauder  
  165  17:01  SCV x3  
  165  17:02  SCV  
  169  17:13  SCV x3  
  169  17:14  SCV  
  173  17:25  SCV  
  174  17:33  Viking x2  
  168  18:03  Viking x2  
  143  18:11  Thor x4  
  120  18:16  Marauder, Marine x8  
  111  18:33  Marine  
  112  18:34  Marine x6, Command Center  
  112  18:37  Marauder  
  120  18:44  Medivac x2  
  124  18:54  Thor x4  
  148  18:59  Marauder  
  148  19:00  Marine x3  
  148  19:01  Marine x5  
  156  19:14  Medivac  
  158  19:18  Marine x7  
  158  19:20  Marauder  
  166  19:36  Thor  
  166  19:37  Thor  
  178  19:40  Marine  
  178  19:41  Marauder, Marine x7  
  188  19:53  Medivac x2  
  188  19:57  Thor  
  188  19:58  Marine x2  
  161  20:55  Marauder  
  161  20:56  Marine x8  
  171  20:58  Thor x4  
  195  21:13  Marine  
  195  21:14  Marine x2  
  195  21:15  Marine x2  
  195  21:16  Marine  
  195  21:17  Marine  
  195  21:20  Marine  
  195  21:22  Marauder  
  195  21:31  Marine  
  195  21:32  Marine x3  
  190  21:33  Marine  
  190  21:34  Marine  
  190  21:35  Marine  
  190  21:38  Marine  
  187  21:41  Thor x2  
  187  21:43  Marauder  
  167  21:53  Marine  
  167  21:54  Marine x6  
  141  21:55  Marine  
  127  22:05  Marauder  
  127  22:06  Command Center  
  129  22:11  Marine  
  129  22:12  Marine  
  131  22:26  Marauder  
  133  22:47  Marauder  
  135  23:09  Marauder  
  137  23:52  Marauder  
  137  23:53  Marine  
  137  23:54  Marine x7  
  147  23:56  Thor x4  
  148  24:11  Marine x4  
  148  24:12  Marine x4  
  148  24:14  Marauder  
  153  24:29  Marine x3  
  156  24:35  Marauder  
  158  24:38  Thor  
  158  24:39  Thor x3  
  182  24:50  Marine x2  
  182  24:51  Marine x6  
  190  24:57  Marauder  
Show
View Real Time Build Order
Export as new Build Order

qqq Protoss 

Build Orders: Forge Fast Expand (FFE), Carriers 

Get SALT Encoding   

  12  0:01  Probe  
  13  0:13  Probe  
  14  0:25  Probe  
  14  0:26  Pylon  
  15  0:44  Probe, Forge  
  16  0:56  Probe  
  16  1:36  Probe  
  16  1:39  Pylon  
  17  1:42  Nexus  
  17  1:58  Gateway  
  17  2:00  Probe  
  18  2:12  Probe  
  19  2:24  Probe  
  20  2:36  Probe  
  20  2:46  Assimilator  
  20  2:48  Probe, Assimilator  
  21  2:53  Cybernetics Core  
  21  2:55  Nexus  
  21  3:00  Probe x2  
  25  3:12  Probe (Chrono Boost)  
  25  3:15  Probe (Chrono Boost)  
  25  3:20  Pylon  
  25  3:25  Probe (Chrono Boost)  
  27  3:29  Probe (Chrono Boost)  
  27  3:30  Probe (Chrono Boost)  
  27  3:33  Stalker (Chrono Boost)  
  30  3:37  Probe  
  30  3:39  Probe  
  32  3:49  Probe  
  32  3:51  Probe  
  32  3:53  Stargate  
  34  3:56  Pylon  
  34  4:00  Stalker  
  34  4:01  Probe  
  37  4:03  Probe  
  37  4:07  Probe  
  39  4:12  Assimilator  
  39  4:13  Probe  
  39  4:15  Probe  
  39  4:16  Assimilator  
  41  4:23  Probe  
  42  4:25  Probe  
  42  4:27  Probe  
  42  4:30  Stalker  
  46  4:36  Stargate  
  46  4:37  Probe  
  47  4:40  Probe  
  47  4:41  Probe  
  49  4:49  Probe  
  49  4:50  Phoenix  
  52  4:53  Probe  
  53  5:00  Stalker  
  53  5:01  Probe  
  53  5:05  Probe  
  57  5:13  Probe  
  58  5:15  Phoenix  
  58  5:17  Probe  
  49  5:25  Probe  
  38  5:29  Probe, Stalker  
  38  5:31  Oracle  
  33  5:41  Probe  
  32  5:44  Probe  
  33  5:53  Probe  
  33  5:56  Probe  
  35  6:05  Probe  
  35  6:06  Probe  
  35  6:08  Probe  
  38  6:17  Probe  
  38  6:18  Probe  
  40  6:20  Probe  
  41  6:30  Probe x2  
  40  6:33  Probe (Chrono Boost)  
  41  6:43  Probe (Chrono Boost)  
  41  6:45  Probe (Chrono Boost)  
  41  6:46  Probe (Chrono Boost)  
  44  6:53  Probe (Chrono Boost)  
  47  6:55  Probe x2 (Chrono Boost)  
  49  7:01  Probe (Chrono Boost)  
  49  7:02  Probe (Chrono Boost)  
  49  7:03  Probe (Chrono Boost), Phoenix  
  49  7:08  Probe x2  
  52  7:11  Probe  
  52  7:14  Phoenix  
  57  7:20  Probe x2  
  59  7:23  Probe  
  60  7:32  Probe x2, Phoenix, Protoss Air Weapons Level 1 (Chrono Boost)  
  60  7:35  Probe  
  59  7:44  Probe  
  59  7:45  Probe  
  59  7:47  Probe  
  62  7:58  Phoenix x2  
  66  7:59  Probe x3  
  69  8:11  Probe x2  
  69  8:12  Probe  
  72  8:16  Pylon  
  72  8:18  Pylon  
  72  8:23  Probe x2, Phoenix  
  72  8:24  Probe  
  77  8:27  Photon Cannon  
  77  8:30  Pylon  
  77  8:34  Phoenix, Pylon  
  77  8:35  Probe  
  77  8:36  Probe x2  
  77  8:37  Pylon  
  77  8:40  Assimilator  
  82  8:43  Assimilator  
  82  8:47  Probe  
  82  8:48  Probe x2, Phoenix  
  87  8:59  Fleet Beacon  
  87  9:00  Probe x3  
  90  9:04  Photon Cannon  
  90  9:08  Phoenix  
  90  9:09  Photon Cannon  
  92  9:13  Phoenix  
  94  9:31  Protoss Air Armor Level 1 (Chrono Boost)  
  94  9:35  Stargate  
  94  9:57  Carrier  
  94  9:58  Carrier  
  106  10:01  Probe  
  106  10:04  Photon Cannon  
  107  10:13  Probe, Nexus  
  108  10:15  Pylon  
  108  10:18  Pylon  
  108  10:21  Phoenix, Pylon  
  108  10:24  Robotics Facility  
  110  10:35  Nexus  
  110  10:38  Pylon  
  110  10:40  Pylon  
  110  10:46  Carrier  
  116  10:54  Photon Cannon  
  116  10:55  Void Ray  
  116  10:57  Photon Cannon  
  116  11:01  Photon Cannon  
  116  11:02  Carrier  
  126  11:05  Photon Cannon  
  127  11:26  Observer  
  127  11:38  Carrier  
  134  11:47  Observer  
  134  11:49  Probe x2, Assimilator  
  134  11:51  Carrier  
  142  11:55  Assimilator  
  150  12:01  Probe (Chrono Boost)  
  150  12:02  Probe (Chrono Boost)  
  150  12:03  Mothership (Chrono Boost)  
  150  12:07  Carrier  
  158  12:14  Probe (Chrono Boost)  
  160  12:19  Probe (Chrono Boost)  
  160  12:21  Probe (Chrono Boost)  
  161  12:26  Probe (Chrono Boost)  
  161  12:28  Probe  
  163  12:33  Photon Cannon  
  163  12:35  Photon Cannon  
  163  12:37  Photon Cannon  
  163  12:38  Probe  
  163  12:39  Assimilator  
  163  12:40  Probe  
  163  12:43  Carrier  
  171  12:44  Assimilator  
  171  12:50  Probe  
  172  12:54  Nexus  
  172  12:55  Carrier  
  172  12:56  Anion Pulse-Crystals  
  172  12:57  Pylon  
  178  13:00  Pylon  
  178  13:02  Probe  
  179  13:11  Carrier  
  161  13:47  Carrier  
  158  13:59  Carrier  
  158  14:15  Carrier  
  154  14:37  Probe x2  
  156  14:48  Probe  
  156  14:49  Probe  
  156  14:50  Probe, Photon Cannon  
  156  14:51  Carrier  
  165  14:53  Photon Cannon  
  165  14:55  Photon Cannon  
  165  14:58  Shield Battery  
  165  14:59  Shield Battery  
  165  15:00  Probe  
  165  15:01  Probe, Pylon  
  165  15:02  Probe  
  165  15:03  Carrier, Pylon  
  174  15:07  Pylon  
  174  15:09  Pylon  
  174  15:12  Probe, Photon Cannon x2  
  174  15:13  Photon Cannon  
  174  15:14  Probe x2, Photon Cannon  
  177  15:17  Photon Cannon  
  177  15:19  Photon Cannon  
  177  15:20  Photon Cannon, Carrier  
  183  15:23  Stargate  
  183  15:24  Probe  
  183  15:25  Observer, Shield Battery  
  183  15:26  Probe x2  
  183  15:27  Stargate  
  187  15:29  Photon Cannon  
  187  15:31  Protoss Air Armor Level 2 (Chrono Boost)  
  187  15:33  Photon Cannon  
  187  15:36  Probe  
  187  15:38  Probe  
  187  15:39  Pylon  
  187  15:46  Observer  
  188  15:50  Probe  
  188  15:55  Tempest  
  188  16:07  Tempest  
  188  16:11  Tempest  
  198  16:23  Observer  
  199  16:40  Photon Cannon  
  199  16:41  Photon Cannon  
  199  16:43  Photon Cannon  
  199  16:44  Observer, Shield Battery  
  199  16:45  Photon Cannon  
  199  16:46  Photon Cannon  
  200  16:47  Pylon  
  200  16:48  Photon Cannon  
  200  16:50  Shield Battery  
  200  16:51  Shield Battery  
  192  16:55  Shield Battery  
  192  16:57  Photon Cannon  
  162  17:08  Tempest x5  
  128  17:23  Stargate  
  128  17:24  Stargate  
  128  17:25  Stargate  
  128  17:28  Observer  
  116  17:37  Photon Cannon  
  116  17:39  Probe, Shield Battery  
  114  17:51  Tempest x5, Probe  
  125  17:55  Probe  
  141  18:00  Protoss Air Weapons Level 2  
  141  18:03  Probe  
  142  18:07  Probe  
  142  18:08  Carrier  
  149  18:15  Probe  
  149  18:19  Probe  
  151  18:27  Probe, Carrier x2  
  151  18:31  Probe  
  151  18:33  Tempest  
  151  18:34  Tempest x4  
  175  18:39  Probe  
  191  18:43  Probe  
  178  19:21  Pylon  
  175  19:24  Pylon  
  175  19:28  Pylon  
  175  19:33  Pylon  
  158  20:06  Carrier  
  149  20:09  Phoenix x2  
  148  20:33  Carrier  
  148  20:35  Carrier  
  148  20:36  Carrier  
  93  21:05  Tempest  
  93  21:06  Carrier  
  99  21:17  Void Ray  
  90  21:21  Tempest  
  96  22:10  Observer  
  96  22:13  Observer  
  86  22:51  Nexus  
  86  23:16  Tempest  
  86  23:17  Tempest  
  20  24:49  Nexus  
Show
View Real Time Build Order
Export as new Build Order

Spenouh Protoss 

Build Orders: Oracle Opening, Carriers 

Get SALT Encoding   

  12  0:00  Probe  
  13  0:12  Probe  
  14  0:17  Pylon  
  14  0:24  Probe  
  15  0:37  Probe  
  15  0:40  Gateway  
  16  0:45  Assimilator  
  16  0:49  Probe  
  17  1:01  Probe  
  18  1:15  Probe  
  19  1:19  Assimilator  
  19  1:30  Probe  
  19  1:42  Probe  
  20  1:51  Nexus  
  20  1:56  Probe  
  21  2:03  Cybernetics Core  
  21  2:08  Probe  
  22  2:23  Pylon  
  22  2:40  Stalker (Chrono Boost)  
  24  2:49  Probe  
  25  3:02  Stargate  
  25  3:06  Stargate  
  25  3:07  Probe x2  
  25  3:11  Pylon  
  27  3:19  Probe  
  29  3:20  Probe  
  29  3:23  Assimilator  
  29  3:34  Probe x2  
  29  3:38  Forge  
  31  3:47  Probe x2  
  36  3:56  Oracle (Chrono Boost)  
  36  4:00  Oracle (Chrono Boost)  
  36  4:02  Probe x2  
  41  4:05  Shield Battery  
  41  4:08  Shield Battery  
  41  4:14  Probe x2  
  43  4:24  Pylon  
  43  4:26  Probe x2  
  45  4:31  Photon Cannon  
  45  4:37  Photon Cannon  
  45  4:38  Probe  
  46  4:39  Probe  
  47  4:50  Probe, Assimilator  
  47  4:51  Probe  
  49  4:57  Void Ray  
  49  5:02  Probe  
  49  5:04  Probe  
  55  5:24  Void Ray  
  59  5:50  Probe x2  
  59  5:55  Pylon  
  61  5:57  Pylon  
  61  6:07  Void Ray x2  
  61  6:13  Protoss Air Weapons Level 1  
  61  6:15  Protoss Shields Level 1  
  61  6:16  Pylon, Nexus  
  61  6:17  Pylon  
  69  6:21  Pylon, Cybernetics Core  
  69  6:33  Probe x2  
  71  6:44  Void Ray x2  
  79  6:56  Photon Cannon  
  79  6:57  Photon Cannon  
  79  6:59  Photon Cannon  
  76  7:02  Shield Battery  
  76  7:06  Photon Cannon  
  76  7:08  Shield Battery  
  73  7:19  Stargate  
  73  7:20  Stargate  
  73  7:21  Probe x2, Void Ray x2  
  75  7:28  Probe  
  84  7:52  Fleet Beacon  
  84  7:59  Void Ray  
  84  8:00  Gateway  
  84  8:02  Gateway  
  84  8:03  Gateway  
  88  8:06  Gateway  
  88  8:10  Protoss Air Armor Level 1 (Chrono Boost)  
  88  8:14  Shield Battery  
  88  8:16  Shield Battery  
  88  8:18  Assimilator  
  88  8:20  Assimilator  
  88  8:26  Void Ray  
  88  8:29  Probe x3  
  95  8:40  Void Ray  
  95  8:41  Probe x3, Warp Gate (Chrono Boost)  
  101  9:06  Void Ray  
  101  9:09  Protoss Ground Weapons Level 1  
  101  9:11  Void Ray  
  101  9:12  Twilight Council  
  105  9:21  Void Ray  
  113  9:33  Zealot x2  
  117  9:43  Pylon  
  117  9:44  Pylon  
  117  9:45  Pylon  
  116  9:53  Charge (Chrono Boost)  
  116  9:59  Void Ray x3  
  116  10:01  Zealot x3  
  116  10:04  Photon Cannon  
  134  10:08  Photon Cannon  
  134  10:12  Probe x3  
  137  10:29  Nexus  
  137  10:31  Pylon  
  137  10:34  Probe x3, Pylon  
  140  10:41  Protoss Air Weapons Level 2 (Chrono Boost)  
  140  10:42  Protoss Air Armor Level 2 (Chrono Boost), Pylon  
  140  10:46  Probe  
  140  10:49  Probe x2  
  143  10:58  Void Ray x2  
  143  10:59  Zealot x3  
  143  11:00  Zealot x2  
  161  11:11  Photon Cannon  
  161  11:14  Photon Cannon  
  161  11:15  Shield Battery  
  161  11:17  Templar Archives  
  161  11:41  Zealot x4  
  169  11:47  Assimilator  
  169  11:50  Assimilator  
  169  11:57  Probe x3  
  172  12:01  Protoss Ground Weapons Level 2 (Chrono Boost)  
  172  12:10  Carrier  
  178  12:23  Pylon  
  178  12:25  Pylon x2  
  178  12:27  Pylon  
  178  12:29  Pylon  
  178  12:39  Probe  
  178  12:41  Carrier  
  178  12:43  Carrier  
  178  12:44  Carrier  
  197  12:46  High Templar  
  185  13:05  Zealot x2  
  183  13:06  Zealot x2  
  143  13:29  Zealot x3  
  143  13:30  Zealot  
  143  13:31  Carrier  
  141  13:42  Void Ray  
  141  13:45  Carrier  
  141  13:47  Carrier  
  149  13:52  Zealot  
  149  13:53  Zealot x4  
  129  14:19  Void Ray  
  129  14:29  Void Ray  
  133  14:36  High Templar x5  
  147  14:43  Void Ray  
  147  14:45  Void Ray  
  147  14:47  Pylon  
  147  14:48  Nexus  
  147  14:49  Pylon  
  147  14:52  Gateway, Pylon  
  155  14:54  Gateway, Archon  
  155  14:55  Gateway, Archon  
  155  14:57  Gateway  
  155  14:59  Gateway  
  155  15:02  Flux Vanes  
  155  15:13  Tempest  
  160  15:16  Protoss Air Armor Level 3 (Chrono Boost)  
  160  15:17  Tempest  
  160  15:21  Probe, Protoss Air Weapons Level 3 (Chrono Boost)  
  165  15:22  Probe x2  
  165  15:25  Photon Cannon  
  168  15:30  Tempest x2  
  178  15:53  Robotics Facility  
  178  16:12  Tempest x2  
  178  16:13  Tempest  
  193  16:22  Probe x3  
  193  16:24  Assimilator  
  194  16:28  Assimilator  
  188  16:34  Probe  
  188  16:36  Tempest  
  188  16:38  Zealot x4  
  200  16:47  Protoss Shields Level 2  
  182  17:05  Carrier  
  182  17:06  Carrier  
  188  17:22  Carrier  
  194  17:24  Probe  
  194  17:25  Probe x2  
  197  17:36  Probe  
  197  17:38  Zealot  
  190  17:53  Zealot x5  
  160  18:14  Probe x2  
  162  18:21  Zealot x5  
  162  18:22  Zealot x3  
  162  18:26  Probe  
  162  18:27  Probe  
  180  18:29  Unknown  
  180  18:49  Void Ray  
  180  18:55  Carrier x2  
  192  19:15  High Templar  
  192  19:16  High Templar x4  
  200  19:27  Archon x2  
  200  19:33  Archon  
  196  19:52  Assimilator  
  196  19:58  Nexus  
  196  20:00  Pylon  
  196  20:02  Pylon, Assimilator  
  196  20:04  Pylon  
  188  20:13  Nexus  
  184  20:17  Tempest x3, Assimilator  
  184  20:19  Pylon  
  187  20:22  Pylon  
  187  20:25  Stalker  
  187  20:26  Pylon, Stalker x2  
  187  20:27  Assimilator, Stalker x5  
  165  21:00  Carrier x3  
  177  21:16  Zealot x4  
  177  21:17  Zealot x4  
  193  21:21  Carrier  
  193  21:25  Nexus  
  180  21:42  Zealot x6  
  180  21:43  Zealot x2  
  139  22:04  Carrier  
  145  22:21  Probe x5  
  150  22:48  Stalker x4  
  152  22:54  Stalker  
  148  23:02  Tempest  
  153  23:15  Tempest  
  153  23:17  Phoenix  
  153  23:19  Phoenix  
  131  24:15  Tempest x3  
  131  24:16  Tempest  
  151  24:24  High Templar x6  
  153  24:25  Stalker x2  
  153  24:31  Archon  
  167  24:32  Archon x2  
  167  24:38  Stargate  
  167  24:39  Probe x4  
  167  24:40  Probe x2, Stargate  
  167  24:41  Stargate  
Show
View Real Time Build Order
Export as new Build Order

BillyBoy Terran 

Build Orders:  

Get SALT Encoding   

  12  0:01  SCV  
  13  0:13  SCV  
  14  0:17  Supply Depot  
  14  0:25  SCV  
  15  0:38  SCV  
  15  0:39  Barracks  
  16  0:47  Refinery  
  16  0:51  SCV  
  17  1:03  SCV  
  18  1:13  Supply Depot  
  18  1:27  Marine  
  19  1:37  Refinery  
  19  1:50  Barracks  
  19  1:54  Barracks Reactor  
  19  1:55  Barracks  
  19  2:12  Orbital Command  
  19  2:21  Factory  
  19  2:30  Marine x2  
  21  2:43  Barracks Tech Lab  
  21  2:44  Barracks Reactor  
  21  2:50  Marine x2  
  23  2:55  SCV  
  24  3:05  Starport  
  24  3:09  Factory Reactor  
  24  3:17  Supply Depot  
  24  3:26  Marine x3  
  27  3:30  SCV  
  28  3:40  Stimpack  
  28  3:49  SCV  
  28  3:52  Factory Tech Lab  
  28  3:53  Medivac  
  31  3:57  Marine  
  31  3:58  Marine  
  31  3:59  Marine  
  31  4:02  Marine  
  35  4:09  Medivac  
  37  4:32  SCV  
  37  4:35  Marine  
  39  4:43  Supply Depot  
  39  5:04  Marine x4, Siege Tank  
  46  5:07  Command Center  
  46  5:10  Supply Depot  
  42  5:39  Marine x2  
  42  5:40  Marine x2  
  42  5:42  Marine  
  47  5:45  Combat Shield  
  47  5:48  Siege Tank  
  50  6:00  Marine x3  
  50  6:01  Marine x2  
  55  6:13  Supply Depot  
  55  6:18  Medivac x2  
  57  6:31  Marine x3  
  57  6:32  Marine x2  
  61  6:38  Orbital Command  
  62  6:48  Medivac x2  
  62  6:52  Marine x2  
  68  7:12  Refinery, SCV x2  
  68  7:13  Marine  
  71  7:24  SCV x2  
  73  7:36  SCV  
  48  8:00  Marine x4, Siege Tank  
  48  8:01  Marine  
  48  8:02  SCV x2  
  58  8:06  Command Center  
  58  8:18  Marine x4  
  62  8:23  Barracks  
  62  8:28  Barracks  
  62  8:32  Siege Tank  
  65  8:35  Barracks  
  65  8:44  Supply Depot  
  65  8:45  Supply Depot  
  65  8:48  SCV x2  
  67  8:52  Supply Depot  
  67  9:11  Siege Tank  
  70  9:18  Barracks Reactor  
  70  9:19  Barracks Reactor  
  70  9:22  Barracks Reactor  
  70  9:33  SCV x2, Marine  
  70  9:34  Marine x4  
  77  9:42  Supply Depot  
  77  9:51  Marine  
  77  9:52  Marine x4  
  82  9:55  Siege Tank  
  85  10:00  Engineering Bay  
  85  10:02  Engineering Bay  
  85  10:09  Marine x2  
  85  10:12  Armory  
  87  10:14  SCV  
  88  10:21  Refinery  
  88  10:22  SCV  
  88  10:26  SCV  
  90  10:37  Terran Infantry Weapons Level 1  
  90  10:39  SCV  
  91  10:43  Terran Infantry Armor Level 1  
  91  10:45  Missile Turret  
  90  10:51  SCV  
  91  11:05  Marine  
  91  11:06  Marine x10  
  102  11:16  Terran Vehicle Weapons Level 1  
  101  11:23  Marine x3  
  101  11:24  Marine x6  
  107  11:45  Command Center  
  107  11:47  Marine x3  
  110  12:38  Factory  
  110  12:40  Terran Infantry Weapons Level 2  
  110  12:41  Terran Infantry Armor Level 2  
  110  12:44  Factory  
  110  12:56  Marine x5  
  110  12:57  SCV x2  
  117  13:07  Marine x5  
  117  13:08  Marine  
  117  13:09  SCV  
  102  13:30  Marine  
  102  13:31  Marine x10  
  102  13:33  Siege Tank  
  102  13:34  Factory Tech Lab x2  
  92  13:48  Marine x4  
  93  13:49  Marine x7  
  99  14:05  Siege Tank  
  99  14:06  Marine x6  
  99  14:07  Marine x4  
  107  14:21  Marine  
  107  14:23  Marine, Medivac x2  
  112  14:24  Marine x8  
  120  14:37  Siege Tank  
  123  14:42  Marine  
  124  14:58  SCV  
  125  15:05  Terran Infantry Weapons Level 3  
  125  15:22  Terran Infantry Armor Level 3  
  125  15:23  Terran Vehicle Weapons Level 2  
  125  15:32  Refinery  
  125  15:36  Supply Depot  
  125  15:37  Supply Depot  
  125  15:38  Supply Depot  
  125  15:50  SCV  
  125  15:58  Siege Tank x2  
  125  15:59  Siege Tank  
  125  16:00  Supply Depot  
  125  16:01  Supply Depot x2  
  125  16:02  SCV  
  134  16:14  SCV  
  134  16:17  SCV  
  134  16:18  SCV  
  137  16:26  SCV  
  137  16:30  SCV x2  
  140  16:38  SCV  
  123  17:04  Refinery  
  123  17:13  Marine x3  
  123  17:14  Marine x8  
  123  17:15  Siege Tank x2  
  137  17:16  Siege Tank  
  137  17:17  Medivac x2  
  147  17:31  Marine x6  
  147  17:32  Marine x5  
  147  17:47  Medivac x2, Siege Tank  
  147  17:49  Marine x8  
  149  18:17  Medivac  
  130  18:44  Siege Tank x3  
  129  19:00  Marine x2  
  129  19:01  Marine x9  
  121  19:16  Supply Depot, Siege Tank x3  
  128  19:18  Marine x6, Supply Depot  
  128  19:19  Marine x3, Supply Depot  
  128  19:22  Supply Depot  
  125  19:34  Marine  
  125  19:35  Marine  
  125  19:36  Marine x9  
  125  19:37  SCV x2  
  135  19:39  Orbital Command  
  134  19:48  Siege Tank  
  134  19:52  Marine  
  135  19:53  Marine x2  
  90  20:47  Marine x8  
  90  20:48  Marine x3  
  73  21:04  Marine  
  73  21:05  Marine  
  73  21:06  Siege Tank x3  
  73  21:07  Marine x7  
  73  21:08  Marine x2  
  92  21:22  Marine  
  92  21:23  Marine  
  94  21:30  Marine  
  94  21:31  Marine  
  94  21:33  Marine  
  94  21:37  Marine  
  94  21:38  Marine x2  
  94  21:39  Marine  
  83  21:49  Marine  
  83  21:50  Marine x5  
  83  21:51  Marine  
  88  21:55  Marine x2  
  88  21:56  Marine  
  88  21:57  Marine  
  92  22:07  Marine  
  92  22:08  Marine  
  94  22:36  Command Center  
  94  23:24  Marine x3  
  94  23:27  Marine  
  92  23:48  Marine x9  
  93  23:49  Marine x2  
  83  24:10  Orbital Command  
  83  24:59  Marine x4  
Tags
 
Add a new tag
Caveats
  • Supply blocks, unpowered buildings, or Contaminate may cause inaccurate times.
  • Supply counts are checked every 10 seconds.